 Dungeon Crawl Stone Soup version 0.21-a0-186-g02e8684 (webtiles) character file.

1169 wolfsongas the Spear-Bearer (level 8, -7/67 HPs)
             Began as a Naga Gladiator on Aug 13, 2017.
             Was an Initiate of Makhleb.
             Mangled by Prince Ribbit (15 damage)
             ... on level 5 of the Dungeon.
             The game lasted 00:09:29 (5494 turns).

wolfsongas the Spear-Bearer (Naga Gladiator)        Turns: 5494, Time: 00:09:30

Health: -7/67      AC:  8    Str: 16    XL:     8   Next: 40%
Magic:  8/8        EV: 10    Int:  8    God:    Makhleb [......]
Gold:   188        SH:  0    Dex: 16    Spells: 6/7 levels left

rFire    . . .     SeeInvis +   a - +1 trident
rCold    . . .     Gourm    .   (no shield)
rNeg     . . .     Faith    .   o - +3 leather armour {MR+}
rPois    +         Spirit   .   c - +0 helmet
rElec    .         Reflect  .   (no cloak)
rCorr    .         Harm     .   (no gloves)
MR       ++...                  (no barding)
Stlth    +++.......             (no amulet)
HPRegen  0.21/turn              (no ring)
MPRegen  0.11/turn              (no ring)

@: lethally poisoned (-7 -> -13), very slow
A: see invisible, deformed body, poison resistance, slowness 2, slow metabolism
1, spit poison 1, AC +2
a: Spit Poison, Renounce Religion


You were on level 5 of the Dungeon.
You worshipped Makhleb.
Makhleb was noncommittal.
You were very full.

You visited 1 branch of the dungeon, and saw 5 of its levels.

You collected 188 gold pieces.

Inventory:

Hand Weapons
 a - a +1 trident (weapon)
Missiles
 d - 4 throwing nets (quivered)
Armour
 c - a +0 helmet (worn)
 h - a +2 robe of magic resistance
 o - a +3 leather armour of magic resistance (worn)
Wands
 m - a wand of lightning (4/15)
Scrolls
 e - 2 scrolls of recharging
 g - 2 scrolls of teleportation
 k - a scroll of enchant weapon
 p - 3 scrolls of identify
Potions
 i - 2 potions of lignification
Books
 q - a book of Cantrips

   Spells                             Type                      Level
   a - Confusing Touch                Hexes                        1
   b - Animate Skeleton               Necromancy                   1
   c - Summon Small Mammal            Summoning                    1
   d - Apportation                    Translocation                1
Comestibles
 f - a meat ration
 j - 4 royal jellies
 l - 9 fruits
 n - 3 bread rations


   Skills:
 - Level 2.0 Fighting
 * Level 9.2 Polearms
 - Level 1.7 Throwing
 - Level 2.4 Dodging
 + Level 6.6 Stealth


You had 6 spell levels left.
You knew the following spells:

 Your Spells              Type           Power        Failure   Level  Hunger
a - Apportation           Tloc           #.....       47%         1    ##.....


Dungeon Overview and Level Annotations

Branches:
Dungeon (5/15)
 Temple: D:4-7

Altars:
Fedhas
Hepliaklqana
Makhleb
Ru
Yredelemnul
Zin

Annotations:
D:5 Prince Ribbit


Innate Abilities, Weirdness & Mutations

You cannot wear boots.
Your serpentine skin is tough. (AC +2)
You have supernaturally acute eyesight. (SInv)
Armour fits poorly on your strangely shaped body.
Your system is resistant to poisons. (rPois)
You cover ground very slowly.
You have a slow metabolism.
You can spit poison.


Message History

You are too injured to fight recklessly!
You are too injured to fight recklessly!
You are too injured to fight recklessly!
You are too injured to fight recklessly!
You are too injured to fight recklessly!
You barely miss the scorpion.
The scorpion is heavily wounded.
You feel sick. Prince Ribbit hits you!
* * * LOW HITPOINT WARNING * * *
The scorpion stings you!
* * * LOW HITPOINT WARNING * * *
You closely miss the scorpion.
The scorpion is heavily wounded.
You feel sick.
Prince Ribbit hits you but does no damage.
You hit the scorpion but do no damage.
The scorpion is heavily wounded.
The scorpion stings you but does no damage.
Prince Ribbit hits you!
You die...

.. .. #.### .#
...# .# ... .#
#.###.#####.###
........ ...
####..####%#####
#........@s....#
#.###..###F###.#
#^# ##.# .# #.#
#.# .# #.# (..
.. #.# ##.# .#
#.# .# .. # #.#
.# .# # #.#


You could see Prince Ribbit and a scorpion.

Vanquished Creatures
  Sigmund (D:3)
  Eustachio (D:4)
  A black bear (D:4)
  An ice beast (D:5)
  An ogre (D:5)
  2 phantoms
  Blork the orc (D:4)
  A scorpion (D:4)
  An orc priest (D:4)
  An iguana (D:5)
  4 worker ants
  A worker ant zombie (D:5)
  6 adders
  2 oozes
  3 worms
  A dart slug (D:2)
  5 leopard geckos
  7 orcs
  2 ball pythons
  8 giant cockroaches
  11 goblins
  4 hobgoblins (D:1)
  2 jackals (D:1)
  2 quokkas
  10 bats
  6 frilled lizards
  10 kobolds
  A leopard gecko skeleton (D:4)
  10 rats
106 creatures vanquished.

Notes
Turn   | Place    | Note
-------+----------+-------------------------------------------
     0 | D:1      | wolfsongas the Naga Gladiator began the quest for the Orb.
     0 | D:1      | Reached XP level 1. HP: 19/19 MP: 1/1
   316 | D:1      | Reached XP level 2. HP: 25/26 MP: 2/2
   495 | D:1      | Reached skill level 4 in Polearms
   531 | D:1      | Reached XP level 3. HP: 21/32 MP: 3/3
  1691 | D:2      | Reached XP level 4. HP: 37/39 MP: 4/4
  1842 | D:2      | Found a blossoming altar of Fedhas.
  1856 | D:2      | Reached skill level 5 in Polearms
  2737 | D:3      | Noticed Sigmund
  2869 | D:3      | Reached XP level 5. HP: 45/45 MP: 5/5
  2926 | D:3      | Killed Sigmund
  2926 | D:3      | Reached skill level 6 in Polearms
  2926 | D:3      | Reached XP level 6. HP: 52/52 MP: 6/6
  3141 | D:3      | Found a sacrificial altar of Ru.
  3376 | D:4      | Noticed a phantom
  3425 | D:3      | Killed a phantom
  3425 | D:3      | Reached skill level 7 in Polearms
  3425 | D:3      | Reached skill level 1 in Stealth
  3784 | D:4      | Learned a level 1 spell: Apportation
  3927 | D:4      | Found a burning altar of Makhleb.
  3932 | D:4      | Became a worshipper of Makhleb the Destroyer
  4009 | D:4      | Found a basalt altar of Yredelemnul.
  4074 | D:4      | Noticed Blork the orc
  4086 | D:4      | Killed Blork the orc
  4086 | D:4      | Reached XP level 7. HP: 31/60 MP: 7/7
  4263 | D:4      | Noticed Eustachio
  4344 | D:4      | Killed Eustachio
  4344 | D:4      | Reached skill level 8 in Polearms
  4492 | D:4      | Found a glowing silver altar of Zin.
  4635 | D:4      | Found a hazy altar of Hepliaklqana.
  4724 | D:4      | Reached skill level 5 in Stealth
  4724 | D:4      | Reached XP level 8. HP: 34/67 MP: 8/8
  5004 | D:5      | Entered Level 5 of the Dungeon
  5077 | D:5      | Reached skill level 9 in Polearms
  5107 | D:5      | HP: 3/67 [phantom (9)]
  5485 | D:5      | Noticed Prince Ribbit
  5494 | D:5      | Mangled by Prince Ribbit

Vault maps used:
D:1:      dpeg_arrival_stone_temple_mockup, minmay_misc_feat_cross
D:2:      fedhas_altar_3, grunt_ministairs_13, minmay_pentomino_p4
D:3:      nicolae_ru_path_of_blood, first_bread, uniq_sigmund
D:4:      black_bear_nest_1, zin_academy, kennysheep_mini_moat,
          yredelemnul_altar_generic, lightli_temple_of_fire, uniq_eustachio,
          uniq_blork_the_orc
D:5:      st_stairs_4, uniq_ijyb, uniq_prince_ribbit1

Skill      XL: |  1  2  3  4  5  6  7  8 |
---------------+-------------------------+-----
Polearms       | 4 5 6 7 8 9 |  9.2
Stealth        | 3 5 6 |  6.6
Fighting       | |  2.0
Throwing       | |  1.7
Dodging        | |  2.4

Action                   |  1- 3 |  4- 6 |  7- 9 || total
-------------------------+-------+-------+-------++-------
Melee: Trident           |   159 |   202 |   190 ||   551
 Abil: Spit Poison       |       |       |     4 ||     4
  Use: Scroll            |       |    10 |       ||    10
       Potion            |       |     3 |     2 ||     5
 Stab: Sleeping          |     2 |     4 |     1 ||     7
       Distracted        |       |     1 |       ||     1
  Eat: Royal jelly       |     2 |       |       ||     2
       Bread ration      |     1 |       |       ||     1
       Meat ration       |       |       |     2 ||     2
       Chunk             |       |       |     1 ||     1
Armor: Leather armour    |    41 |    21 |    27 ||    89
       Skin              |       |    14 |   105 ||   119
       Robe              |       |    20 |    21 ||    41
Dodge: Dodged            |    72 |    62 |   106 ||   240
